 Dungeon Crawl Stone Soup version 0.23.2-40-g277498a (webtiles) character file.

Game seed: 4450818815530985047

1038 Fang the Skirmisher (level 8, -1/51 HPs)
             Began as a Gargoyle Berserker on Oct 23, 2019.
             Was an Elder of Trog.
             Slain by a river rat (2 damage)
             ... summoned by Eustachio
             ... on level 5 of the Dungeon.
             The game lasted 00:04:18 (4574 turns).

Fang the Skirmisher (Gargoyle Berserker)            Turns: 4574, Time: 00:04:19

Health: -1/51      AC: 15    Str: 23      XL:     8   Next: 24%
Magic:  8/8        EV:  9    Int:  8      God:    Trog [****..]
Gold:   581        SH:  0    Dex:  7 (9)  Spells: 7/7 levels left

rFire    . . .     SeeInvis .   a - +0 hand axe
rCold    . . .     Gourm    .   (no shield)
rNeg     + . .     Faith    .   b - +0 chain mail
rPois    ∞         Spirit   .   (no helmet)
rElec    +         Reflect  .   (no cloak)
rCorr    .         Harm     .   (no gloves)
MR       ++...                  (no boots)
Stlth    ..........             (no amulet)
HPRegen  1.17/turn              s - ring of attention (curse)
MPRegen  0.11/turn              (no ring)

@: regenerating
A: negative energy resistance 1, electricity resistance, unbreathing,
petrification resistance, rot immunity, AC +5
a: Berserk, Trog's Hand, Brothers in Arms, Renounce Religion


You were on level 5 of the Dungeon.
You worshipped Trog.
Trog was greatly pleased with you.
You were not hungry.

You visited 1 branch of the dungeon, and saw 5 of its levels.
You also visited: Sewer.

You collected 581 gold pieces.

Inventory:

Hand Weapons
 a - a +0 hand axe (weapon)
Armour
 b - a +0 chain mail (worn)
Jewellery
 s - a cursed ring of attention (left hand)
Wands
 t - a wand of paralysis (4)
Scrolls
 d - 4 scrolls of teleportation {unknown}
 e - 8 scrolls of identify {unknown}
 f - a scroll of blinking {unknown}
 h - 3 scrolls of enchant armour {unknown}
 i - 2 scrolls of immolation {unknown}
 n - 2 scrolls of remove curse {unknown}
 o - 2 scrolls of noise {unknown}
 p - a scroll of enchant weapon {unknown}
 q - a scroll of random uselessness {unknown}
 r - a scroll of amnesia {unknown}
 u - 2 scrolls of fog {unknown}
 w - a scroll of magic mapping {unknown}
Potions
 j - 3 potions of curing
 k - a potion of resistance {unknown}
 l - 3 potions of heal wounds {unknown}
 m - a potion of might {unknown}
 v - a potion of agility {unknown}
Comestibles
 c - 16 rations


   Skills:
 + Level 6.0 Fighting
 + Level 5.1 Axes
 + Level 5.4 Armour
 + Level 4.1 Dodging


You had 7 spell levels left.
You didn't know any spells.
Your spell library was empty.

Dungeon Overview and Level Annotations

Branches:
Dungeon (5/15)
 Temple: D:4-7

Altars:
Ashenzari
Cheibriados
Dithmenos
Elyvilon
Gozag
Uskayaw
Wu Jian
Xom
Yredelemnul
Zin
The Shining One

Annotations:
D:5 Eustachio, Grinder


Innate Abilities, Weirdness & Mutations

You are resistant to torment.
Your stone body is resilient. (AC +5)
You are immune to poison.
You resist negative energy. (rN+)
You are resistant to electric shocks. (rElec)
You can survive without breathing.
You are immune to petrification.
You are immune to rotting.


Message History

The river rat bites you.
* * * LOW HITPOINT WARNING * * *
Your skin crawls.
You feel resistant to hostile enchantments.
You are near starving!
The river rat bites you.
* * * LOW HITPOINT WARNING * * *
The white imp hits you but does no damage.
Eustachio screams, "Hey, you killed my favourite bat!"
Eustachio mumbles some strange words.
Eustachio blinks!
Grinder barely misses you. The river rat closely misses you.
You eat one of the 17 rations.
That ration really hit the spot!
The river rat barely misses you. The white imp gestures at you.
The puff of frost hits you.
* * * LOW HITPOINT WARNING * * *
Eustachio mumbles some strange words.
Eustachio blinks!
The iron imp closely misses you. Grinder hits you but does no damage.
The river rat bites you.
You die...

.# .# .#
##.# ....
#.. ..5..
#.# ....
###.###@...
#55@r...#
#.55r...#
#..b.<..####
#...........
#.....).####
#.§.....#
#### ###
#.......#
##..###..
####..###
#........
#..#
##.......


You could see Eustachio, Grinder, an iron imp, 2 river rats, 2 white imps and a
bat.

Vanquished Creatures
  Purgy (Sewer)
  An ogre (D:4)
  A bullfrog (D:4)
  A scorpion (D:4)
  A crimson imp (D:5)
  3 hounds
  2 jellies (D:5)
  2 orc priests (D:4)
  A bullfrog skeleton (D:5)
  4 orc wizards (D:4)
  2 centaur skeletons
  An iguana (D:4)
  A worker ant (D:4)
  10 adders
  A gnoll (D:4)
  2 shadow imps (D:4)
  2 oozes
  An adder skeleton (D:3)
  2 dart slugs
  3 worms
  7 leopard geckos
  16 orcs
  6 bats
  11 giant cockroaches
  4 goblins
  6 hobgoblins
  7 jackals (D:3)
  4 quokkas
  2 ball pythons
  5 frilled lizards
  13 kobolds
  A leopard gecko skeleton (D:4)
  A leopard gecko zombie (D:5)
  8 rats
133 creatures vanquished.

Notes
Turn   | Place    | Note
-------+----------+-------------------------------------------
     0 | D:1      | Fang the Gargoyle Berserker began the quest for the Orb.
     0 | D:1      | Reached XP level 1. HP: 14/14 MP: 1/1
   119 | D:1      | Reached XP level 2. HP: 19/19 MP: 2/2
   576 | D:2      | Reached XP level 3. HP: 23/23 MP: 3/3
   616 | D:2      | Noticed a +0 hand axe
   616 | D:2      | Noticed a -1 dagger
   619 | D:2      | Found a hide-covered altar of Uskayaw.
   867 | D:2      | Reached ** piety under Trog
   994 | D:2      | Found an opulent altar of Gozag.
   996 | D:2      | Found a glowing golden altar of the Shining One.
   998 | D:2      | Found a shimmering altar of Xom.
   999 | D:2      | Found a snail-covered altar of Cheibriados.
  1000 | D:2      | Found an ornate altar of the Wu Jian Council.
  1000 | D:2      | Found a shattered altar of Ashenzari.
  1000 | D:2      | Found a shadowy altar of Dithmenos.
  1001 | D:2      | Found a white marble altar of Elyvilon.
  1005 | D:2      | Found a basalt altar of Yredelemnul.
  1008 | D:2      | Found a glowing silver altar of Zin.
  1368 | D:3      | Reached XP level 4. HP: 28/29 MP: 4/4
  1383 | D:3      | Found a glowing drain.
  1415 | Sewer    | Entered a sewer
  1555 | Sewer    | Noticed Purgy
  1569 | Sewer    | Killed Purgy
  1569 | Sewer    | Reached skill level 4 in Fighting
  1569 | Sewer    | Reached XP level 5. HP: 33/33 MP: 5/5
  2176 | D:3      | Reached *** piety under Trog
  2391 | D:4      | Reached XP level 6. HP: 31/39 MP: 6/6
  3087 | D:4      | Reached skill level 5 in Fighting
  3186 | D:4      | Reached XP level 7. HP: 31/44 MP: 7/7
  3288 | D:4      | Reached **** piety under Trog
  3554 | D:4      | Reached skill level 5 in Armour
  3681 | D:5      | Entered Level 5 of the Dungeon
  3818 | D:5      | Reached XP level 8. HP: 49/51 MP: 8/8
  4354 | D:5      | Reached skill level 5 in Axes
  4379 | D:5      | Reached skill level 6 in Fighting
  4499 | D:5      | Noticed Eustachio
  4530 | D:5      | Noticed Grinder
  4546 | D:5      | Paralysed by Grinder for 3 turns
  4573 | D:5      | HP: 2/51 [river rat[Eustachio] (2)]
  4574 | D:5      | Slain by a river rat

Skill      XL: |  1  2  3  4  5  6  7  8 |
---------------+-------------------------+-----
Dodging        | 2 3 4 |  4.1
Axes           | 3 4 5 |  5.1
Armour         | 3 4 5 |  5.4
Fighting       | 4 5 6 |  6.0

Action                   |  1- 3 |  4- 6 |  7- 9 || total
-------------------------+-------+-------+-------++-------
Melee: Hand axe          |   151 |   307 |   243 ||   701
Invok: Berserk           |       |     3 |     3 ||     6
       Trog's Hand       |       |       |     2 ||     2
  Eat: Chunk             |     1 |    10 |     7 ||    18
       Ration            |       |       |     1 ||     1
Armor: Chain mail        |    97 |   265 |   264 ||   626
Dodge: Dodged            |    76 |   165 |   186 ||   427
